 Dungeon Crawl Stone Soup version 0.27.1-33-g824d729ab1 (webtiles) character file.

Game seed: 3128923629171180926

6790 hilljack the Nimble (level 10, -8/50 HPs)
             Began as a Deep Elf Conjurer on Dec 26, 2021.
             Was a Believer of Sif Muna.
             Killed from afar by an efreet (35 damage)
             ... with a fireball
             ... on level 10 of the Dungeon.
             The game lasted 00:27:28 (11807 turns).

hilljack the Nimble (Deep Elf Conjurer)            Turns: 11807, Time: 00:27:29

Health: -8/50      AC: 10    Str:  4    XL:     10   Next: 76%
Magic:  11/26      EV: 17    Int: 33    God:    Sif Muna [**....]
Gold:   398        SH:  0    Dex: 13    Spells: 10/29 levels left

rFire    . . .     SeeInvis .   j - +4 quarterstaff (vorpal)
rCold    . . .     Faith    .   (shield currently unavailable)
rNeg     . . .     Spirit   .   n - +2 robe {Will+}
rPois    .         Reflect  .   (no helmet)
rElec    .         Harm     .   k - +1 cloak
rCorr    .         Rampage  .   (no gloves)
Will     ++...                  (no boots)
Stlth    ++++......             (no amulet)
HPRegen  0.16/turn              l - +6 ring of intelligence
MPRegen  0.20/turn              g - +4 ring of protection

@: no status effects
A: no striking features
a: Renounce Religion, Channel Magic


You were on level 10 of the Dungeon.
You worshipped Sif Muna.
Sif Muna was pleased with you.
You visited 2 branches of the dungeon, and saw 11 of its levels.

You collected 454 gold pieces.
You spent 56 gold pieces at shops.

Inventory:

Hand Weapons
 a - a +0 shortbow
 j - a +4 vorpal quarterstaff (weapon)
 m - a +2 scythe of venom
Missiles
 f - 196 arrows
Armour
 k - a +1 cloak (worn)
 n - a +2 robe of willpower (worn)
Jewellery
 g - a +4 ring of protection (right hand)
 l - a +6 ring of intelligence (left hand)
 o - a +4 ring of evasion
 q - a ring of positive energy
 r - a +6 ring of strength
 u - a ring of see invisible
Wands
 b - a wand of charming (10)
 v - a wand of iceblast (9)
 w - a wand of polymorph (9)
 x - a wand of flame (11)
 y - a wand of mindburst (14)
Scrolls
 e - 2 scrolls of teleportation
 z - 2 scrolls of enchant armour
 A - a scroll of magic mapping
 B - a scroll of blinking
Potions
 c - 2 potions of flight
 d - 3 potions of curing
 h - 2 potions of brilliance
 i - a potion of attraction
 p - 2 potions of mutation
 s - a potion of berserk rage
 t - a potion of ambrosia
 D - a potion of lignification


   Skills:
 + Level 11.4 Dodging
 - Level 10.0 Stealth
 - Level 10.0 Spellcasting
 + Level 7.4 Conjurations
 - Level 5.5 Hexes
 - Level 5.5 Translocations


You had 10 spell levels left.
You knew the following spells:

 Your Spells              Type           Power      Damage    Failure   Level
a - Magic Dart            Conj           100%       1d8       1%          1
b - Searing Ray           Conj           100%       3d7       1%          2
c - Dazzling Flash        Conj/Hex       100%       N/A       1%          3
d - Fulminant Prism       Conj/Hex       28%        3d14      1%          4
e - Iskenderun's Mystic   Conj/Tloc      56%        2d12      1%          4
f - Freezing Cloud        Conj/Ice/Air   16%        6-21      28%         5

Your spell library contained the following spells:

 Spells                   Type           Power      Damage    Failure   Level
 Beastly Appendage        Tmut           32%        N/A       2%          1
 Summon Guardian Golem    Hex/Summ       34%        N/A       2%          3
 Corpse Rot               Necr/Air       N/A        N/A       4%          2
 Poisonous Vapours        Pois/Air       32%        N/A       4%          2
 Sublimation of Blood     Necr           8%         N/A       4%          2
 Wereblood                Tmut           16%        N/A       4%          2
 Spider Form              Tmut/Pois      8%         N/A       9%          3
 Animate Armour           Summ/Erth      32%        N/A       28%         4
 Blade Hands              Tmut           8%         N/A       61%         5
 Iron Shot                Conj/Erth      20%        9d5       67%         6
 Orb of Destruction       Conj           30%        9d11      75%         7
 Spellforged Servitor     Conj/Summ      20%        N/A       99%         7
 Summon Hydra             Summ           8%         N/A       100%        7
 Fire Storm               Conj/Fire      20%        8d5       100%        9


Dungeon Overview and Level Annotations

Branches:
Dungeon (10/15)            Temple (1/1) D:4
   Lair: D:8-11         Orc: D:9-12

Altars:
Ashenzari
Cheibriados
Dithmenos
Elyvilon
Fedhas
Gozag
Hepliaklqana
Kikubaaqudgha
Makhleb
Nemelex Xobeh
Okawaru
Qazlal
Ru
Sif Muna
Trog
Uskayaw
Vehumet
Wu Jian
Xom
Yredelemnul
Zin
The Shining One

Shops:
D:2 !   D:8 :   D:9 (

Annotations:
D:6 2 runed translucent doors, belegose's ghost, novice FoAK


Message History

Aim: a purple ugly thing (heavily wounded, 83% to hit)
The searing ray hits the purple ugly thing!
The purple ugly thing is severely wounded. (Press . to maintain the ray.)
The searing ray misses the purple ugly thing.
The purple ugly thing kicks you!
The searing ray hits the purple ugly thing!
The purple ugly thing is almost dead.
The purple ugly thing kicks you but does no damage.
The searing ray hits the purple ugly thing!
The purple ugly thing is almost dead.
You finish channeling your searing ray.
The purple ugly thing kicks you!
Casting: Searing Ray (safe; 1% risk of failure)
Confirm with . or Enter, or press ? or * to list all spells.
Aiming: Searing Ray (safe; 1% risk of failure)
Press: ? - help, Shift-Dir - straight line, f/p - purple ugly thing
Aim: a purple ugly thing (almost dead, 83% to hit)
The searing ray misses the purple ugly thing. (Press . to maintain the ray.)
The purple ugly thing kicks you but does no damage.
The searing ray hits the purple ugly thing!
You kill the purple ugly thing!
Sif Muna accepts your kill.
A wight comes into view. It is wielding a +5 scimitar.
Casting: Searing Ray (safe; 1% risk of failure)
Confirm with . or Enter, or press ? or * to list all spells.
Aiming: Searing Ray (safe; 1% risk of failure)
Press: ? - help, Shift-Dir - straight line, f - wight
Aim: a wight, wielding a +5 scimitar and wearing a +0 robe (83% to hit)
The searing ray hits the wight!
The wight is severely damaged. (Press . to maintain the ray.)
An efreet comes into view.
It is wielding a +0 scimitar of flaming.
The searing ray hits the wight.
You destroy the wight!
Sif Muna accepts your kill. The efreet gestures at you.
The fireball explodes!
The fireball engulfs you!!
Ouch! That really hurt!
You die...

#########
##.......#
#...○○○..###
###R...#
##......#
#....#..#
#....#@.#
#...##..#
..####..##
....#....##
#....#.#.##
....##...#
...###..########
...............#
>.....#####.####


You could see an efreet.

Vanquished Creatures
  Pikel (D:6)
  2 ugly things
  4 centaur zombies
  A troll (D:10)
  A hornet (D:9)
  Sigmund (D:3)
  3 wraiths
  A basilisk (D:10)
  A vampire mosquito (D:9)
  A steam dragon (D:8)
  2 water moccasins
  An acid dragon (D:6)
  An orc warrior (D:4)
  2 sky beasts
  A necrophage (D:4)
  A black bear (D:6)
  2 ogres
  5 centaurs
  4 lemures (D:6)
  A phantom (D:4)
  6 bullfrogs
  3 scorpions
  A water moccasin skeleton (D:4)
  6 killer bees (D:9)
  5 wights
  2 howler monkeys (D:8)
  A jelly (D:3)
  4 bullfrog zombies
  A crimson imp (D:5)
  4 hounds
  2 orc priests (D:7)
  Crazy Yiuf (D:3)
  A centaur skeleton (D:7)
  3 bullfrog skeletons (D:6)
  2 iguanas (D:5)
  A scorpion zombie (D:5)
  A gnoll shaman (D:4)
  3 orc wizards
  2 killer bee zombies
  4 gnolls (D:4)
  3 adders
  2 white imps
  3 worms (D:5)
  2 dart slugs
  19 orcs
  3 endoplasms
  3 giant cockroaches
  9 goblins
  8 hobgoblins
  4 quokkas
  12 ball pythons
  4 bats (D:3)
  3 frilled lizards (D:1)
  5 kobolds
  2 rats
171 creatures vanquished.

Vanquished Creatures (others)
  32 fulminant prisms
  44 fungi (D:10)
  43 plants
119 creatures vanquished.

Grand Total: 290 creatures vanquished

Notes
Turn   | Place    | Note
-------+----------+-------------------------------------------
     0 | D:1      | hilljack the Deep Elf Conjurer began the quest for the Orb.
     0 | D:1      | Reached XP level 1. HP: 10/10 MP: 6/6
   325 | D:1      | Reached XP level 2. HP: 15/15 MP: 6/8
   328 | D:1      | Learned a level 2 spell: Searing Ray
   588 | D:1      | Found a faded altar of an unknown god.
   994 | D:2      | Found Ziawk's Distillery.
  1029 | D:2      | Bought a potion of degeneration for 14 gold pieces
  1029 | D:2      | Bought a potion of attraction for 42 gold pieces
  1110 | D:2      | Reached skill level 3 in Dodging
  1194 | D:2      | Reached XP level 3. HP: 13/19 MP: 6/10
  1904 | D:2      | Learned a level 3 spell: Dazzling Flash
  2090 | D:3      | Reached skill level 5 in Conjurations
  2090 | D:3      | Reached XP level 4. HP: 21/24 MP: 3/12
  2288 | D:3      | Found a runed translucent door.
  2289 | D:3      | Noticed Crazy Yiuf
  2295 | D:3      | HP: 1/24 [Crazy Yiuf (1)]
  2296 | D:3      | Killed Crazy Yiuf
  2980 | D:3      | Reached XP level 5. HP: 28/28 MP: 10/13
  3001 | D:3      | Noticed Sigmund
  3010 | D:3      | Killed Sigmund
  3011 | D:3      | Reached skill level 4 in Dodging
  3011 | D:3      | Reached skill level 5 in Spellcasting
  3011 | D:3      | Reached XP level 6. HP: 32/32 MP: 9/15
  3064 | D:3      | Reached skill level 5 in Stealth
  3405 | D:3      | Found a shimmering blue altar of Sif Muna.
  3408 | D:3      | Became a worshipper of Sif Muna the Loreminder
  3616 | D:4      | Learned a level 4 spell: Fulminant Prism
  3621 | D:4      | Learned a level 4 spell: Iskenderun's Mystic Blast
  3665 | D:4      | Reached skill level 5 in Dodging
  3827 | D:5      | Entered Level 5 of the Dungeon
  3889 | D:5      | Reached XP level 7. HP: 36/36 MP: 18/18
  4185 | D:5      | Found a blossoming altar of Fedhas.
  4627 | D:5      | Found a burning altar of Makhleb.
  4630 | D:5      | Reached skill level 6 in Dodging
  5043 | D:4      | Reached * piety under Sif Muna
  5070 | D:4      | Reached XP level 8. HP: 41/41 MP: 17/22
  5129 | D:4      | Got Hyvour's Incunabulum of Arcane Weapons
  5262 | D:4      | Reached skill level 1 in Hexes
  6029 | D:4      | Found a staircase to the Ecumenical Temple.
  6033 | Temple   | Entered the Ecumenical Temple
  6304 | D:6      | Reached skill level 7 in Dodging
  6638 | D:6      | Noticed Pikel
  7202 | D:6      | Reached skill level 8 in Dodging
  7202 | D:6      | Reached skill level 5 in Hexes
  7202 | D:6      | Reached XP level 9. HP: 40/45 MP: 15/23
  7416 | D:6      | Reached skill level 1 in Translocations
  8032 | D:6      | Reached skill level 9 in Dodging
  8224 | D:6      | Killed Pikel
  8225 | D:6      | Reached skill level 10 in Stealth
  8344 | D:6      | Found a large runed translucent door.
  8344 | D:6      | Found a large runed translucent door.
  8442 | D:6      | Noticed belegose's ghost (novice FoAK)
  8469 | D:7      | Reached skill level 5 in Translocations
  8942 | D:7      | Reached ** piety under Sif Muna
  8943 | D:7      | Reached skill level 10 in Dodging
  9218 | D:8      | Reached XP level 10. HP: 50/50 MP: 17/24
  9828 | D:8      | Found Xofo's Book Boutique.
  9933 | D:8      | Found a snail-covered altar of Cheibriados.
  9956 | D:8      | Found a bloodstained altar of Trog.
  9973 | D:8      | Found an opulent altar of Gozag.
 10568 | D:9      | Noticed a green ugly thing
 10570 | D:9      | Learned a level 5 spell: Freezing Cloud
 10736 | D:9      | Killed a green ugly thing
 10957 | D:9      | Found Tighal's Firing Range.
 11376 | D:10     | Entered Level 10 of the Dungeon
 11478 | D:10     | Reached skill level 11 in Dodging
 11675 | D:10     | Reached skill level 10 in Spellcasting
 11789 | D:10     | Noticed a purple ugly thing
 11801 | D:10     | Killed a purple ugly thing
 11807 | D:10     | Killed from afar by an efreet

Illustrated notes

Levels and vault maps discovered:
D:1:      wander_arrival_peaceful_grave, layout_loops_cross,
          chequers_ecumenical_altar_island, minmay_shallow_snake_nest
D:2:      cheibrodos_greedy_goblins, layout_loops_ring, serial_shops,
          nicolae_shop_waterfront
D:3:      layout_basic, lemuel_blue_sif_altar, uniq_crazy_yiuf_cottage,
          uniq_sigmund
D:4:      layout_basic, temple_hall_moat
D:5:      layout_loops_ring, fedhas_altar_1, makhleb_grotto_becter,
          cheibrodos_sewer_entry_bend
D:6:      layout_cave_pools, ebering_ghost_disaster_area, uniq_pikel
D:7:      layout_cave_pools
D:8:      layout_loops_ring, mainiacjoe_overflow_boulevard,
          mainiacjoe_overflow_big_doors, serial_shops, nicolae_shop_stone
D:9:      layout_roguey, nicolae_shop_firing_range
D:10:     layout_basic, due_lair_maze_entry_diamond, serial_shops,
          nicolae_shop_window_shopping, interstate_on_off, minmay_bent
Temple:   eino_temple_scatter_basement

Skill      XL: |  1  2  3  4  5  6  7  8  9 10 |
---------------+-------------------------------+-----
Stealth        | 3 4 5 6 8 10 | 10.0
Dodging        | 3 4 5 6 8 10 11 | 11.4
Spellcasting   | 4 5 6 8 10 | 10.0
Conjurations   | 5 7 |  7.4
Hexes          | 5 |  5.5
Translocations | 5 |  5.5

Action                   |  1- 3 |  4- 6 |  7- 9 | 10-12 || total
-------------------------+-------+-------+-------+-------++-------
Melee: Dagger            |     2 |       |       |       ||     2
       Quarterstaff      |       |     5 |    38 |     1 ||    44
 Cast: Magic Dart        |    51 |    32 |    84 |    26 ||   193
       Searing Ray       |     4 |     8 |    44 |    22 ||    78
       Fulminant Prism   |       |       |    14 |    18 ||    32
  Use: Scroll            |     3 |       |     4 |    12 ||    19
 Stab: Sleeping          |       |     2 |     5 |     1 ||     8
Armor: Robe              |     1 |     2 |    43 |    12 ||    58
Dodge: Dodged            |     4 |    10 |    67 |    31 ||   112
